 Dungeon Crawl Stone Soup version 0.27.1-2-g3b301248ec (webtiles) character file.

Game seed: 17582712228488889017

3334 Descartes the Covert (level 9, -9/39 HPs)
             Began as a Spriggan Conjurer on Sept 24, 2021.
             Was a Follower of Dithmenos.
             Killed by the malice of Kikubaaqudgha (17 damage)
             ... on level 6 of the Dungeon.
             The game lasted 00:34:09 (14352 turns).

Descartes the Covert (Spriggan Conjurer)           Turns: 14352, Time: 00:34:10

Health: -9/39      AC:  2    Str:  5    XL:     9   Next: 72%
Magic:  7/17       EV: 21    Int: 20    God:    Dithmenos [*.....]
Gold:   401        SH:  0    Dex: 14    Spells: 5/18 levels left

rFire    . . .     SeeInvis +   k - +0 short sword (venom)
rCold    . . .     Faith    .   (shield restricted)
rNeg     + . .     Spirit   .   a - +0 robe
rPois    +         Reflect  .   (helmet restricted)
rElec    .         Harm     .   (no cloak)
rCorr    .         Rampage  .   (gloves unavailable)
Will     +....                  (boots unavailable)
Stlth    +++++.....             (no amulet)
HPRegen  0.13/turn              e - ring of poison resistance
MPRegen  0.15/turn              j - ring of positive energy

@: wreathed by umbra, very quick
A: very small, no large weapons, unfitting armour, see invisible, speed 3
a: Renounce Religion


You were on level 6 of the Dungeon.
You worshipped Dithmenos.
Dithmenos was aware of your devotion.
You visited 2 branches of the dungeon, and saw 8 of its levels.

You collected 401 gold pieces.

Inventory:

Hand Weapons
 c - a +0 quarterstaff
 k - a +0 short sword of venom (weapon)
 G - a +3 shortbow
 H - a +1 shortbow of freezing
Missiles
 i - 294 stones
 C - 94 arrows
 D - 7 boomerangs
 J - a throwing net
 L - 5 poisoned darts
 M - a curare-tipped dart
Armour
 a - a +0 robe (worn)
 F - a +0 buckler
Jewellery
 e - a ring of poison resistance (left hand)
 j - a ring of positive energy (right hand)
 q - a ring of protection from fire
 y - a ring of resist corrosion
 N - a ring of ice
Wands
 s - a wand of flame (23)
 w - a wand of iceblast (16)
 B - a wand of acid (11)
Scrolls
 b - 4 scrolls of teleportation
 f - 2 scrolls of blinking {unknown}
 g - 2 scrolls of amnesia {unknown}
 h - a scroll of immolation {unknown}
 m - 2 scrolls of torment {unknown}
 n - a scroll of enchant weapon {unknown}
 o - 2 scrolls of vulnerability {unknown}
 p - a scroll of holy word {unknown}
 r - a scroll of summoning {unknown}
 t - 2 scrolls of identify {unknown}
 A - 2 scrolls of fear {unknown}
 I - a scroll of silence {unknown}
Potions
 d - a potion of heal wounds {unknown}
 l - a potion of haste {unknown}
 u - a potion of brilliance {unknown}
 v - 2 potions of flight {unknown}
 x - a potion of invisibility {unknown}
 z - a potion of mutation {unknown}
 E - 2 potions of degeneration {unknown}
 K - 2 potions of ambrosia {unknown}


   Skills:
 + Level 7.9 Dodging
 + Level 9.4 Stealth
 + Level 2.8 Shields
 - Level 5.0 Spellcasting
 + Level 6.4 Conjurations
 + Level 4.5 Necromancy
 - Level 5.0 Transmutations


You had 5 spell levels left.
You knew the following spells:

 Your Spells              Type           Power      Damage    Failure   Level
a - Magic Dart            Conj           100%       1d8       1%          1
b - Pain                  Necr           92%        1d8       1%          1
c - Searing Ray           Conj           60%        3d5       1%          2
d - Irradiate             Conj/Tmut      13%        3d18      30%         5
e - Dispel Undead         Necr           23%        3d12      19%         4

Your spell library contained the following spells:

 Spells                   Type           Power      Damage    Failure   Level
 Sublimation of Blood     Necr           11%        N/A       2%          2
 Vampiric Draining        Necr           11%        2d7       5%          3
 Corpse Rot               Necr/Air       N/A        N/A       7%          2
 Dazzling Flash           Conj/Hex       34%        N/A       10%         3
 Animate Dead             Necr           11%        N/A       19%         4
 Fulminant Prism          Conj/Hex       8%         3d7       30%         4
 Iskenderun's Mystic Bla  Conj/Tloc      17%        2d5       30%         4
 Blade Hands              Tmut           12%        N/A       38%         5
 Borgnjor's Vile Clutch   Necr/Erth      7%         N/A       77%         5
 Death Channel            Necr           11%        N/A       95%         6
 Simulacrum               Ice/Necr       7%         N/A       100%        6
 Dragon Form              Tmut           12%        N/A       100%        7


Dungeon Overview and Level Annotations

Branches:
Dungeon (7/15)             Temple (1/1) D:4

Altars:
Cheibriados
Dithmenos
Elyvilon
Fedhas
Gozag
Kikubaaqudgha
Makhleb
Qazlal
Ru
Sif Muna
Trog
Uskayaw
Vehumet
Wu Jian
Yredelemnul
Zin
The Shining One


Innate Abilities, Weirdness & Mutations

You are very small and have problems with some larger weapons.
You are too small for most types of armour.
You have supernaturally acute eyesight. (SInv)
You cover ground extremely quickly. (Speed+++)


Message History

Aim: a five-headed hydra skeleton (heavily damaged, 100% to hit)
Okay, then.
Casting: Searing Ray (safe; 1% risk of failure)
Confirm with . or Enter, or press ? or * to list all spells.
Aiming: Searing Ray (safe; 1% risk of failure)
Press: ? - help, Shift-Dir - straight line, f/p - five-headed hydra skeleton
Aim: a five-headed hydra skeleton (heavily damaged, 100% to hit)
The searing ray hits the five-headed hydra skeleton!
The five-headed hydra skeleton is heavily damaged. (Press . to maintain the ray.)
The searing ray hits the five-headed hydra skeleton!
The five-headed hydra skeleton is heavily damaged.
The searing ray hits the five-headed hydra skeleton.
The five-headed hydra skeleton is severely damaged.
The searing ray hits the five-headed hydra skeleton!
The five-headed hydra skeleton is severely damaged.
You finish channeling your searing ray.
The five-headed hydra skeleton misses you.
The five-headed hydra skeleton bites you! x3
* * * LOW HITPOINT WARNING * * *
The five-headed hydra skeleton closely misses you.
Casting: Searing Ray (safe; 1% risk of failure)
Confirm with . or Enter, or press ? or * to list all spells.
Aiming: Searing Ray (safe; 1% risk of failure)
Press: ? - help, Shift-Dir - straight line, f/p - five-headed hydra skeleton
Aim: a five-headed hydra skeleton (severely damaged, 100% to hit)
The searing ray hits the five-headed hydra skeleton!
The five-headed hydra skeleton is severely damaged. (Press . to maintain the ray.)
The searing ray hits the five-headed hydra skeleton!
The five-headed hydra skeleton is almost destroyed.
The searing ray hits the five-headed hydra skeleton!
You destroy the five-headed hydra skeleton!
That felt strangely unrewarding.
There is a stone staircase leading up here.
You climb upwards.
There is a stone staircase leading down here.
You hear Kikubaaqudgha cackling.
Pain shoots through your body!
You die...

#..# #..###### #..##...#
#..##.#.# #..##.#.#
#...#.#.# #######..)...#
###..........#.#
##@#.###..#..##.##
#####........###.#...##
#...>.......## ##..#...
#.####.#.#.#.###.#...##
###.####.#.#.##.#.###.##
#............##...# #.#
#.#.##.#.#......### #.#
#.#.##.#.#......# #.#
#.#.##.#........# #.#


There were no monsters in sight!

Vanquished Creatures
  2 hydra skeletons (D:7)
  Duvessa (D:6)
  A water moccasin (D:6)
  An orc warrior (D:6)
  4 ice beasts (D:6)
  2 sky beasts
  A black bear (D:6)
  2 necrophages
  2 centaurs (D:6)
  5 ogres
  A kobold brigand (D:7)
  2 gnoll sergeants
  A komodo dragon skeleton (D:7)
  6 scorpions
  2 water moccasin zombies (D:5)
  2 cyclops skeletons (D:7)
  Dowan (D:7)
  5 wights (D:6)
  A howler monkey (D:6)
  A hound (D:6)
  2 jellies
  2 centaur zombies
  An orc priest (D:2)
  A scorpion zombie (D:6)
  Terence (D:2)
  3 orc wizards
  3 centaur skeletons
  An iguana (D:5)
  2 killer bee zombies (D:7)
  An acid dragon zombie (D:5)
  An ogre zombie (D:7)
  2 hound skeletons (D:4)
  Robin (D:2)
  8 gnolls
  13 adders
  A howler monkey skeleton (D:5)
  An orc zombie (D:6)
  A shadow imp (D:7)
  2 white imps
  An ufetubus (D:5)
  An adder zombie (D:7)
  A worm (D:3)
  2 dart slugs
  16 orcs
  8 ball pythons
  7 bats
  11 endoplasms
  6 giant cockroaches
  11 goblins
  12 hobgoblins
  5 jackals
  11 kobolds
  3 quokkas
  A ball python skeleton (D:7)
  7 frilled lizards
  A goblin skeleton (D:7)
  2 kobold skeletons (D:7)
  An orc skeleton (D:7)
  5 rats (D:1)
202 creatures vanquished.

Vanquished Creatures (others)
  7 plants (D:1)
7 creatures vanquished.

Grand Total: 209 creatures vanquished

Notes
Turn   | Place    | Note
-------+----------+-------------------------------------------
     0 | D:1      | Descartes the Spriggan Conjurer began the quest for the
                  | Orb.
     0 | D:1      | Reached XP level 1. HP: 9/9 MP: 5/5
   298 | D:1      | Reached XP level 2. HP: 13/13 MP: 4/6
   375 | D:1      | Found a faded altar of an unknown god.
   838 | D:1      | Reached XP level 3. HP: 16/16 MP: 5/8
  1040 | D:1      | Became a worshipper of Kikubaaqudgha
  1040 | D:1      | Reached * piety under Kikubaaqudgha
  1040 | D:1      | Received a gift from Kikubaaqudgha
  1043 | D:1      | Learned a level 1 spell: Pain
  1305 | D:2      | Reached skill level 1 in Necromancy
  1666 | D:2      | Reached XP level 4. HP: 21/21 MP: 6/9
  1666 | D:2      | Noticed Robin
  1811 | D:2      | Learned a level 2 spell: Searing Ray
  2707 | D:2      | Killed Robin
  2737 | D:1      | Reached ** piety under Kikubaaqudgha
  3022 | D:2      | Noticed Terence
  3034 | D:2      | Killed Terence
  3055 | D:2      | Reached XP level 5. HP: 19/24 MP: 0/10
  4971 | D:3      | Learned a level 5 spell: Irradiate
  5401 | D:4      | Reached XP level 6. HP: 28/28 MP: 9/11
  5540 | D:4      | Reached *** piety under Kikubaaqudgha
  5540 | D:4      | Received a gift from Kikubaaqudgha
  5547 | D:4      | Reached skill level 1 in Transmutations
  5651 | D:4      | Found a radiant altar of Vehumet.
  5686 | D:4      | Found a staircase to the Ecumenical Temple.
  6242 | D:5      | Entered Level 5 of the Dungeon
  6547 | D:5      | Reached skill level 4 in Stealth
  6547 | D:5      | Reached XP level 7. HP: 29/32 MP: 2/13
  6960 | D:5      | Reached skill level 5 in Conjurations
  7390 | Temple   | Entered the Ecumenical Temple
  7982 | D:5      | Reached skill level 5 in Stealth
  8709 | D:6      | Found a shadowy altar of Dithmenos.
  8726 | D:6      | Fell from the grace of Kikubaaqudgha
  8726 | D:6      | Became a worshipper of Dithmenos the Shadowed
  8757 | D:6      | Reached XP level 8. HP: 36/36 MP: 7/15
  9353 | D:6      | Reached skill level 5 in Dodging
  9560 | D:6      | Reached skill level 6 in Stealth
  9677 | D:6      | Reached skill level 5 in Spellcasting
  9757 | D:6      | Reached skill level 5 in Transmutations
 10225 | D:6      | Reached skill level 7 in Stealth
 10465 | D:6      | Reached skill level 1 in Shields
 10921 | D:6      | Reached XP level 9. HP: 39/39 MP: 13/17
 11172 | D:6      | Reached skill level 8 in Stealth
 12079 | D:6      | Learned a level 4 spell: Dispel Undead
 12555 | D:7      | Noticed Dowan
 12557 | D:7      | Noticed Duvessa
 12558 | D:7      | Killed Dowan
 12715 | D:6      | Killed Duvessa
 12716 | D:6      | Reached skill level 9 in Stealth
 13043 | D:7      | Reached * piety under Dithmenos
 14352 | D:6      | Killed by the malice of Kikubaaqudgha

Illustrated notes

Levels and vault maps discovered:
D:1:      giann_bridges, layout_rooms, shapermc_ecumenical_altar_gd,
          minmay_lizard_king
D:2:      layout_basic, uniq_terence, uniq_robin
D:3:      layout_loops_corners, chequers_jeans
D:4:      layout_rooms, vehumet_altar_wand_db, minmay_temple_entry_glass
D:5:      layout_basic, kennysheep_generic_room_4
D:6:      minmay_bubble_buster, layout_loops_ring,
          nicolae_dithmenos_through_a_glass_darkly
D:7:      layout_cave_pools, serial_column_ruins, column_ruins_hut_pillars,
          column_ruins_square_small, column_ruins_open_tiny,
          column_ruins_grid_4, column_ruins_open_tiny,
          column_ruins_columns_plus, uniq_duvessa
Temple:   regret_index_temple_generic_petals

Skill      XL: |  1  2  3  4  5  6  7  8  9 |
---------------+----------------------------+-----
Conjurations   | 3 4 5 6 |  6.4
Necromancy     | 1 2 3 4 |  4.5
Transmutations | 2 3 5 |  5.0
Spellcasting   | 3 4 5 |  5.0
Dodging        | 3 4 6 7 |  7.9
Stealth        | 4 5 7 9 |  9.4
Shields        | 1 2 |  2.8

Action                   |  1- 3 |  4- 6 |  7- 9 || total
-------------------------+-------+-------+-------++-------
Melee: Unarmed           |     1 |       |       ||     1
       Quarterstaff      |     4 |     7 |       ||    11
       Short sword       |       |    14 |    19 ||    33
 Cast: Magic Dart        |    83 |   237 |   149 ||   469
       Pain              |       |    19 |    10 ||    29
       Searing Ray       |       |     2 |    86 ||    88
  Use: Scroll            |       |       |     1 ||     1
 Stab: Sleeping          |     1 |     1 |       ||     2
Armor: Robe              |     1 |     7 |     8 ||    16
Dodge: Dodged            |    20 |    52 |   137 ||   209
